[Event "*** SCC Grand Prix: Titled Tuesday Blitz"]
[Site "Chess.com"]
[Date "2020.09.08"]
[Round "10"]
[White "boasovietica"]
[Black "Mambastik-Fantastic"]
[Result "1-0"]
[WhiteElo "2464"]
[BlackElo "2296"]
[TimeControl "180+1"]
[EndTime "11:57:03 PDT"]
[Termination "boasovietica won by resignation"]

1. d4 Nf6 2. Nf3 c5 3. e3 d5 4. b3 Nc6 5. Bb2 e6 6. Nbd2 Bd6 7. a3 O-O 8. Ne5 Qc7 9. f4 Nd7 10. Bd3 f6 11. Qh5 f5 12. Nxd7 Bxd7 13. g4 Be8 14.
Qh3 cxd4 15. gxf5 dxe3 16. Nf3 exf5 17. Rg1 Bg6 18. Rxg6 hxg6 19. Ng5 Rfe8 20. Qh7+ Kf8 21. Qxg6 Bxf4 22. Ne6+ Rxe6 23. Qxe6 Bxh2 24. Ke2 Qg3 25. Qxf5+ Ke7 26. Qf3 Qxf3+ 27. Kxf3 d4 28. Rh1 Be5 29. Ke4 Bf6 30. b4 a6 31. Bc4 b5 32. Bd5 Rc8 33. Rh2 Nd8 34. Bxd4 Bxd4 35. Kxd4 Ne6+ 36. Kxe3 Rc3+ 37. Kd2 Rxa3 38. Re2 Kd6 39. Bxe6 Ra4 40. c3 Ra2+ 41. Bxa2 1-0

[Event "*** SCC Grand Prix: Titled Tuesday Blitz"]
[Site "Chess.com"]
[Date "2020.09.08"]
[Round "10"]
[White "korbul"]
[Black "13MiRacLe"]
[Result "1-0"]
[WhiteElo "2472"]
[BlackElo "2580"]
[TimeControl "180+1"]
[EndTime "11:57:04 PDT"]
[Termination "korbul won by resignation"]

1. e4 e5 2. Nf3 Nc6 3. Bb5 a6 4. Ba4 Nf6 5. O-O b5 6. Bb3 Bc5 7. Re1 d6 8. c3 Bb6 9. h3 h6 10. d3 O-O 11. Nbd2 Ne7 12. Nh4 Kh8 13. Qf3 Ng6 14.
Nf5 Bxf5 15. exf5 Nh4 16. Qe2 Nxf5 17. Ne4 Nxe4 18. dxe4 Ne7 19. Kh1 Ng6 20. g3 Qd7 21. g4 Rae8 22. a4 Nf4 23. Bxf4 exf4 24. Qf3 Qe7 25. Kg2 Qg5 26. Bd5 bxa4 27. Rh1 Qe5 28. Rxa4 a5 29. h4 f6 30. Raa1 Rb8 31. Qd3 c6 32. Bc4 Qc5 33. Rhf1 d5 34. exd5 Rbd8 35.
Bb3 cxd5 36. Bc2 f5 37. gxf5 Rf6 38. Rae1 d4 39. c4 Qc6+ 40. Re4 Bc5 41. Re1 Rdf8 42. Re2 Rxf5 43. Qf3 Qg6+ 44. Kf1 Qf6 45. Re8 d3 46. Qxd3 f3 47. Rxf8+ Qxf8 48. Re5 g6 49. Qc3 Bd6 50. Re8+ Be5 51. Rxf8+ 1-0

[Event "*** SCC Grand Prix: Titled Tuesday Blitz"]
[Site "Chess.com"]
[Date "2020.09.08"]
[Round "10"]
[White "snap_man"]
[Black "annacramling"]
[Result "1-0"]
[WhiteElo "2287"]
[BlackElo "2141"]
[TimeControl "180+1"]
[EndTime "11:57:04 PDT"]
[Termination "snap_man won on time"]

1. e4 c5 2. Nf3 e6 3. g3 Nc6 4. Bg2 g6 5. O-O Bg7 6. c3 Nge7 7.
d4 cxd4 8. cxd4 d6 9. d5 exd5 10.
exd5 Ne5 11. Nxe5 Bxe5 12. Nc3 O-O 13. Bg5 Bg7 14. Re1 Re8 15. Qe2 f6 16. Bf4 Bf5 17. Qd2 g5 18. Be3 Ng6 19. Ne2 Ne5 20. Nd4 Bd7 21. Rac1 h6 22. h3 f5 23. Ne6 Bxe6 24. dxe6 Qe7 25. f4 gxf4 26. Bxf4 Rac8 27. Rxc8 Rxc8 28.
Bxh6 Nc4 29. Qf4 Bxh6 30. Qxh6 Ne5 31. Rf1 Qg7 32. Qxg7+ Kxg7 33. Rxf5 Re8 34. Bd5 Kg6 35. g4 b6 36. Kg2 Nd3 37. b3 Nc5 38. h4 Nxe6 39.
h5+ Kg7 40. Kg3 Nd4 41. Rf7+ 1-0

[Event "*** SCC Grand Prix: Titled Tuesday Blitz"]
[Site "Chess.com"]
[Date "2020.09.08"]
[Round "10"]
[White "GadimbayliA"]
[Black "Sanyura"]
[Result "1-0"]
[WhiteElo "2892"]
[BlackElo "2578"]
[TimeControl "180+1"]
[EndTime "11:57:06 PDT"]
[Termination "GadimbayliA won by resignation"]

1. e4 c5 2. Nf3 e6 3. d4 cxd4 4. Nxd4 Nc6 5. Nc3 Nf6 6. Nxc6 bxc6 7. Bd3 d5 8. O-O Be7 9. Bf4 O-O 10. Qf3 a5 11. Rad1 Ba6 12. b3 Nd7 13. Na4 Bf6 14. c4 Be5 15. exd5 cxd5 16. cxd5 Bxd3 17. Rxd3 Bxf4 18.
Qxf4 Nf6 19. d6 Nd5 20. Qg3 Ra6 21. Nc5 Rc6 22. Ne4 f5 23. Ng5 Qxd6 24. Qxd6 Rxd6 25.
Nxe6 Rxe6 26. Rxd5 a4 27. bxa4 Re2 28. Ra1 Ra8 29.
a5 f4 30. h4 Re4 31. a4 Rb4 32. Kh2 h6 33. Rb5 Rc4 34. h5 Ra6 35. f3 Kf8 36.
Kh3 Kf7 37. Ra2 Kg8 38. Kg4 Kh7 39. Rf5 Kg8 40. Rxf4 Rxf4+ 41. Kxf4 Rxa5 42. g4 Kf7 43. Ke4 Kf6 44. Kd4 Kg5 45. Kc4 Kf4 46. Ra3 Ra6 47. Kb5 Ra8 48. a5 Rc8 49. a6 Rb8+ 50. Kc6 Rf8 51.
a7 Rf6+ 52. Kd7 Rf7+ 53. Ke6 Rxa7 54. Rxa7 1-0

[Event "*** SCC Grand Prix: Titled Tuesday Blitz"]
[Site "Chess.com"]
[Date "2020.09.08"]
[Round "10"]
[White "Roaccutane"]
[Black "MFBerna"]
[Result "0-1"]
[WhiteElo "2582"]
[BlackElo "2472"]
[TimeControl "180+1"]
[EndTime "11:57:06 PDT"]
[Termination "MFBerna won by resignation"]

1. Nf3 Nf6 2. c4 e6 3. g3 d5 4. b3 Be7 5. Bb2 O-O 6. Bg2 c5 7. O-O Nc6 8. d3 b6 9. a3 Bb7 10. Nbd2 Rc8 11. Qc2 d4 12. h3 e5 13. Rfe1 Re8 14. e3 h6 15. exd4 exd4 16. Nh4 g6 17. Rad1 Kg7 18. Bc1 Qc7 19. Ndf3 Bd6 20. Qd2 Ng8 21.
Nh2 Nce7 22. Bxb7 Qxb7 23. Ng4 g5 24. Nxh6 gxh4 25. Qg5+ Kf8 26. Qxh4 Ng6 27. Qh5 Nxh6 28. Bxh6+ Kg8 29. Bg5 Bf8 30. h4 Ne5 31. Re4 Bg7 32. Bf4 Nxd3 33. Rxe8+ Rxe8 34. Bg5 Qe4 35. Kh2 Ne5 36.
Kh3 Qf5+ 37. Kg2 Qe4+ 38. Kh3 d3 39. Bf4 Ng6 40. Qg4 Qe2 41. Qxe2 dxe2 42. Re1 Nxf4+ 43. gxf4 Bc3 44. Rg1+ Kf8 45. Rg3 e1=Q 46. Kg4 Qxf2 47. Kf5 Qe2 0-1

[Event "*** SCC Grand Prix: Titled Tuesday Blitz"]
[Site "Chess.com"]
[Date "2020.09.08"]
[Round "10"]
[White "Jospem"]
[Black "AlexOstrovskiy"]
[Result "1-0"]
[WhiteElo "2917"]
[BlackElo "2741"]
[TimeControl "180+1"]
[EndTime "11:57:07 PDT"]
[Termination "Jospem won by checkmate"]

1. e4 e6 2. d4 d5 3. Nc3 h6 4. a3 Nf6 5. e5 Nfd7 6. f4 c5 7. Nf3 Nc6 8. Ne2 Be7 9. g3 g5 10. c3 g4 11. Nd2 Qb6 12. Nb3 a5 13. a4 c4 14. Nd2 f6 15. exf6 Nxf6 16. Bg2 Bd7 17. Rb1 h5 18. b3 cxb3 19. Nxb3 h4 20. O-O Qa6 21. f5 e5 22. Bg5 hxg3 23. Nxg3 Qa7 24. Kh1 O-O-O 25. Nc5 Bxc5 26. Bxf6 exd4 27. cxd4 Bxd4 28. Bxd8 Rxd8 29. f6 Nb4 30. Rc1+ Kb8 31. f7 Bc5 32. Qd2 Rf8 33. Qh6 Qb6 34. Qg7 Bd6 35. Rce1 d4 36. Re8+ Bxe8 37. Qxf8 Bxf8 38.
fxe8=Q+ Ka7 39. Qxf8 Nd3 40. Qf5 Nc5 41. Qd5 d3 42.
Nf5 Qb4 43. Nd6 d2 44. Nb5+ Ka6 45. Qd6+ b6 46. Nc7+ Ka7 47. Qc6 Kb8 48. Na6+ Ka7 49. Qa8# 1-0

[Event "*** SCC Grand Prix: Titled Tuesday Blitz"]
[Site "Chess.com"]
[Date "2020.09.08"]
[Round "10"]
[White "barriochess"]
[Black "PIwan"]
[Result "1-0"]
[WhiteElo "2403"]
[BlackElo "2538"]
[TimeControl "180+1"]
[EndTime "11:57:07 PDT"]
[Termination "barriochess won by resignation"]

1. d4 d5 2. c4 dxc4 3. e3 b5 4.
a4 b4 5. Bxc4 Nf6 6. Nf3 e6 7. O-O Bb7 8. Qe2 Be7 9. a5 a6 10.
Nbd2 O-O 11. Nb3 Nbd7 12. Rd1 c5 13. dxc5 Qc7 14. Bd2 Nxc5 15. Bxb4 Bxf3 16. gxf3 Nxb3 17. Bxe7 Qxe7 18. Bxb3 Rfb8 19. Bc4 Rb4 20. b3 h6 21. Bxa6 Rh4 22. f4 Ng4 23. h3 Nf6 24. Kg2 g5 25. fxg5 hxg5 26. Bc4 Kg7 27. a6 g4 28. Rh1 Rah8 29. a7 gxh3+ 30. Kf1 Qb7 31. Rg1+ Kf8 32. a8=Q+ Qxa8 33. Rxa8+ Ke7 34. Rxh8 Rxh8 35. Rh1 Ne4 36. Qd3 Nc5 37. Qd4 Rh5 38. Qg7 Ne4 39. Qg4 Re5 40.
Rxh3 Nf6 41. Qh4 Rf5 42. Bd3 Rxf2+ 43. Kxf2 1-0

[Event "*** SCC Grand Prix: Titled Tuesday Blitz"]
[Site "Chess.com"]
[Date "2020.09.08"]
[Round "10"]
[White "Machidon"]
[Black "ClydeHillKid"]
[Result "1-0"]
[WhiteElo "2530"]
[BlackElo "2339"]
[TimeControl "180+1"]
[EndTime "11:57:07 PDT"]
[Termination "Machidon won by resignation"]

1. d4 d5 2. Bf4 Nf6 3. e3 Bf5 4. c4 e6 5. Nc3 Nbd7 6. Qb3 dxc4 7. Bxc4 Nb6 8. Be2 Bd6 9. Bg3 O-O 10. Nf3 Ne4 11. Rc1 Qe7 12. O-O h6 13. Nb5 Rfc8 14. Bxd6 cxd6 15. Nxa7 Rxc1 16. Rxc1 Rxa7 17. Qxb6 Rxa2 18.
h3 Bg6 19. Bc4 Ra8 20. Bd3 Ng5 21. Nxg5 Bxd3 22. Nf3 Be4 23. Nd2 Bc6 24. f3 Qg5 25.
Kf2 Qa5 26. Qxa5 Rxa5 27. Nc4 Ra2 28. Nxd6 Rxb2+ 29. Kg3 Kf8 30. e4 Ke7 31. Nc4 Rb4 32. Na5 Kd6 33. Nc4+ Ke7 34. Kf4 f6 35. Rc3 Rb1 36. h4 Rh1 37. g3 Rb1 38. Na5 g5+ 39. hxg5 hxg5+ 40. Kg4 Bd7 41. e5 fxe5 42. dxe5 Rb5 43.
Nc4 Rd5 44. Kxg5 b5 45. Ne3 Rxe5+ 46. Kf4 Rd5 47. Nxd5+ exd5 48. Ke5 Be6 49. Rc7+ Bd7 50. Kxd5 b4 51. Rb7 b3 52. Ke5 1-0

[Event "*** SCC Grand Prix: Titled Tuesday Blitz"]
[Site "Chess.com"]
[Date "2020.09.08"]
[Round "10"]
[White "LittleMyMoomin"]
[Black "Klavdia_Nik"]
[Result "0-1"]
[WhiteElo "1838"]
[BlackElo "2121"]
[TimeControl "180+1"]
[EndTime "11:57:07 PDT"]
[Termination "Klavdia_Nik won on time"]

1. d4 Nf6 2. c4 c5 3. d5 b5 4. cxb5 a6 5. bxa6 Bxa6 6. Nc3 d6 7. e4 Bxf1 8. Kxf1 g6 9. Nf3 Bg7 10. g3 O-O 11. Kg2 Qa5 12. a4 Nbd7 13. Bd2 Qb4 14. Qc2 Qc4 15. b3 Qa6 16. Rab1 Rfc8 17. Nb5 Ne8 18. Bc3 f6 19. Nd2 Nc7 20. Nxc7 Rxc7 21.
Nc4 Rcc8 22. f4 Nb6 23. Nxb6 Qxb6 24. Qd3 Rcb8 25. Rhf1 Qa6 26. Qxa6 Rxa6 27. f5 Bh6 28. h4 Kf7 29. Rf3 Rxa4 30. g4 Rxe4 31. g5 Bg7 32.
fxg6+ hxg6 33. Kg3 f5 34. Bxg7 Kxg7 35. Rc3 Rbb4 36.
Rh1 Rg4+ 37. Kf3 Rbf4+ 38. Ke3 Rd4 39. h5 Rxg5 40. hxg6 Kxg6 41. Kf2 Rxd5 42. Rch3 f4 43. Rh6+ Kf5 44. Re1 e5 45. Rd1 Rxd1 0-1

[Event "*** SCC Grand Prix: Titled Tuesday Blitz"]
[Site "Chess.com"]
[Date "2020.09.08"]
[Round "10"]
[White "LedakovAlexandr"]
[Black "Agibileg"]
[Result "0-1"]
[WhiteElo "2449"]
[BlackElo "2582"]
[TimeControl "180+1"]
[EndTime "11:57:10 PDT"]
[Termination "Agibileg won on time"]

1. Nf3 Nf6 2. d4 g6 3. Nc3 Bg7 4. e4 d6 5. Be2 O-O 6. O-O Nbd7 7. e5 Ne8 8. Bf4 e6 9. Qc1 c5 10. d5 Nxe5 11. Bxe5 dxe5 12. Rd1 exd5 13. Nxd5 e4 14. Ng5 Bf5 15. g4 Bxb2 16. Qxb2 Qxg5 17. h4 Qxh4 18. gxf5 gxf5 19. Qe5 Qg5+ 20. Kf1 f6 21. Qxf5 Qxf5 22.
Ne7+ Kf7 23. Nxf5 Ke6 24. Bg4 Ke5 25. Ke2 h5 26. Bh3 Nc7 27. Nd6 b5 28. Ke3 Nd5+ 29. Rxd5+ Kxd5 30. Nxb5 Kc6 31. c4 f5 32. Kf4 Rad8 33. Rg1 Rd2 34. Rg6+ Kb7 35. Nd6+ Kb8 36. Bxf5 Rxf2+ 37. Kxe4 h4 38. Rh6 Rd2 39. Ke5 Re2+ 40.
Be4 Rh2 41. Rh7 Re2 42. Rb7+ Ka8 43. Rb3+ Rxe4+ 44. Kxe4 a6 45. Kd5 Ka7 46. Kxc5 Rh8 47. Rh3 Rh5+ 48. Kc6 Rh6 49. c5 Rh7 50. Kd5 Rh5+ 51.
Kd4 Kb8 52. Ne4 Kc7 53. Ke3 Kc6 54. Kf4 Rh8 55. Kg4 Re8 56. Nf6 Re6 57. Kf5 Re2 0-1

[Event "*** SCC Grand Prix: Titled Tuesday Blitz"]
[Site "Chess.com"]
[Date "2020.09.08"]
[Round "10"]
[White "Kazmin_Dmitrij"]
[Black "natelleka"]
[Result "1-0"]
[WhiteElo "2263"]
[BlackElo "2107"]
[TimeControl "180+1"]
[EndTime "11:57:10 PDT"]
[Termination "Kazmin_Dmitrij won on time"]

1. e4 e5 2. Nf3 Nf6 3. Nxe5 Nxe4 4. Qe2 Qe7 5. Qxe4 d6 6. d4 dxe5 7. Qxe5 Qxe5+ 8. dxe5 Bf5 9. Nc3 Nc6 10. Bb5 Bxc2 11.
O-O Bc5 12. Bg5 h6 13. Bh4 g5 14. Bg3 O-O-O 15. Bxc6 bxc6 16. Rac1 Bd3 17. Rfe1 Bb6 18. Na4 Kb7 19. Nc5+ Bxc5 20. Rxc5 Rhe8 21. Rec1 Re6 22. h3 Be4 23. R5c4 Bd5 24. Rb4+ Kc8 25. Ra4 Kb7 26. Rc5 Ra8 27. Rb4+ Kc8 28. Ra5 a6 29. b3 Re8 30.
f4 gxf4 31. Bxf4 Rg8 32. g3 h5 33. h4 Be6 34. Kf2 Rd8 35. Ke3 Rd1 36. Bg5 Re1+ 37. Kd4 Rd1+ 38. Kc5 Rd5+ 39. Kxc6 Rxa5 40. Rd4 Bd7+ 41.
Rxd7 Rc5+ 42. Kxc5 Kxd7 43. b4 a5 44. b5 a4 45. Kb4 Ke6 46. Bf4 Kd5 47. a3 1-0

[Event "*** SCC Grand Prix: Titled Tuesday Blitz"]
[Site "Chess.com"]
[Date "2020.09.08"]
[Round "10"]
[White "chessmachine14"]
[Black "kngopal"]
[Result "0-1"]
[WhiteElo "2333"]
[BlackElo "2252"]
[TimeControl "180+1"]
[EndTime "11:57:11 PDT"]
[Termination "kngopal won by checkmate"]

1. e4 e6 2. d4 d5 3. Nd2 Nf6 4. e5 Nfd7 5. Bd3 c5 6. c3 Nc6 7.
Ne2 cxd4 8. cxd4 Nb6 9. O-O Bd7 10. Kh1 Nb4 11. Bb1 Bb5 12. a4 Bd3 13. Bxd3 Nxd3 14. Qb3 Nb4 15. a5 Nc8 16. Ra4 Na6 17. Qxb7 Nc7 18. b3 a6 19. Ba3 Bxa3 20. Rxa3 O-O 21.
Rc1 Nb5 22. Qxa8 Nxa3 23. Qxa6 Ne7 24. Ra1 Nc2 25. Rc1 Qc7 26. Qd3 Rc8 27. Nf3 Nf5 28. Ne1 Qxa5 29. Nxc2 h5 30. h3 Qa2 31.
Kh2 Qb2 32. b4 g6 33. b5 Rc4 34. Qd2 h4 35. Ne3 Qxd2 36. Rxc4 dxc4 37. b6 Qb4 38. d5 Nxe3 39. fxe3 Qxb6 40. d6 Qxe3 41. d7 Qxe5+ 42. Kh1 Qd6 43. Nc3 Qxd7 44. Ne4 Qd1+ 45. Kh2 Qd4 46.
Ng5 Qf4+ 47. Kg1 Qxg5 48. Kf2 Qd2+ 49. Kf3 c3 50. Kg4 c2 51. Kxh4 c1=Q 52. g3 Qg5# 0-1

[Event "*** SCC Grand Prix: Titled Tuesday Blitz"]
[Site "Chess.com"]
[Date "2020.09.08"]
[Round "10"]
[White "ShahMatKanal"]
[Black "Sven_Tica"]
[Result "1-0"]
[WhiteElo "2562"]
[BlackElo "2683"]
[TimeControl "180+1"]
[EndTime "11:57:12 PDT"]
[Termination "ShahMatKanal won by checkmate"]

1. Nf3 d5 2. g3 e6 3. Bg2 Nf6 4.
c4 Be7 5. d4 O-O 6. Qc2 c5 7.
dxc5 d4 8. O-O Bxc5 9. Nbd2 Nc6 10. Nb3 Qe7 11. Nxc5 Qxc5 12. a3 a5 13. Bd2 a4 14.
Ne1 e5 15. Nd3 Qe7 16. Nb4 Qe6 17. Nd5 Ne8 18. f4 g6 19. f5 gxf5 20. Bh3 Ne7 21. Bxf5 Nxf5 22. Rxf5 f6 23. Raf1 Rf7 24. Qe4 Nd6 25.
Qg4+ Kh8 26. e4 dxe3 27. Nxe3 Nxf5 28. Nxf5 Qb6+ 29. Kh1 Bd7 30. h4 Rg8 31. Qh5 Bc6+ 32. Kh2 Qxb2 33. Rf2 Qb1 34. Rg2 Bxg2 35. Kxg2 Qe4+ 36.
Kh2 Rd7 37. Bh6 Rg6 38. Bg7+ Rgxg7 39. Qe8+ Rg8 40. Qxd7 Qe2+ 41. Kh3 Qf1+ 42. Kh2 Qf2+ 43. Kh3 h5 44. Qe6 Qf3 45. Qxf6+ Kh7 46. Qh6# 1-0

[Event "*** SCC Grand Prix: Titled Tuesday Blitz"]
[Site "Chess.com"]
[Date "2020.09.08"]
[Round "10"]
[White "Zarinur"]
[Black "MarceloPlaya"]
[Result "0-1"]
[WhiteElo "2142"]
[BlackElo "2363"]
[TimeControl "180+1"]
[EndTime "11:57:12 PDT"]
[Termination "MarceloPlaya won by checkmate"]

1. e4 e6 2. d4 d5 3. Bd3 Nc6 4. Nf3 Nf6 5. e5 Nd7 6. c3 f5 7. exf6 Nxf6 8. O-O Bd6 9. Re1 O-O 10. Bg5 Qe8 11.
Ne5 Nd7 12. Nxc6 bxc6 13. Qc2 Qh5 14. f4 Bxf4 15. Bxf4 Rxf4 16. Rxe6 Nf6 17. Re1 Ng4 18. h3 Nf6 19. Nd2 Bxh3 20. Re3 Bd7 21. Nf3 Ng4 22. Re7 Rd8 23. Rae1 Nf6 24. Qd2 Qg4 25. Ne5 Qg3 26. Nxd7 Nxd7 27. Qe2 Rff8 28. Bf5 Nf6 29. Be6+ Kh8 30.
Rxc7 Ne4 31. Qe3 Qg6 32. Re7 Rf2 33. Bh3 Rff8 34. Re6 Qf7 35. Rxc6 h6 36. Ra6 Ng5 37. Ra5 Rde8 38. Qd2 Nxh3+ 39. gxh3 Re4 40. Rxe4 dxe4 41. Re5 Qf3 42. Qe1 Rf4 43. Rxe4 Rxe4 44. Qd2 Re2 45. Qd1 Qg2# 0-1

[Event "*** SCC Grand Prix: Titled Tuesday Blitz"]
[Site "Chess.com"]
[Date "2020.09.08"]
[Round "10"]
[White "BogdanDeac"]
[Black "iLuusions"]
[Result "1-0"]
[WhiteElo "2899"]
[BlackElo "2567"]
[TimeControl "180+1"]
[EndTime "11:57:17 PDT"]
[Termination "BogdanDeac won by resignation"]

1. e4 c5 2. Nf3 d6 3. d4 cxd4 4. Nxd4 Nf6 5. Nc3 a6 6. h4 b5 7. a4 b4 8. Nd5 Bb7 9. Nxf6+ gxf6 10. Bd3 d5 11. Qe2 dxe4 12. Bxe4 Ra7 13. Bxb7 Rxb7 14.
Be3 h5 15. O-O-O Rd7 16. Qc4 Qc7 17. Qb3 e6 18. Rd2 Be7 19. Rhd1 Rd5 20. Nxe6 fxe6 21. Rxd5 exd5 22. Qxd5 Nc6 23. Qe4 Ne5 24. Qa8+ Bd8 25. Qxa6 Qc6 26. Qxc6+ Nxc6 27. Rd5 Rg8 28. g3 Ne5 29. a5 Be7 30. a6 Kf7 31. a7 Ng4 32. Rb5 Bd6 33. Bd4 Ke6 34. Rxh5 Ne5 35. Rh7 Nc6 36. Be3 Ra8 37. Rb7 Na5 38. Rb6 Nc4 39. Ra6 Nxe3 40. fxe3 Ke5 41. g4 Bc5 42. Kd2 Ke4 43. Ke2 Rxa7 44. Rxf6 Ra2 45. Rf4+ Ke5 46. Rc4 Kd5 47. b3 Bd6 48. g5 Ke6 49. h5 Ra5 50. Rg4 Be7 51. g6 Kf6 52. g7 1-0

[Event "*** SCC Grand Prix: Titled Tuesday Blitz"]
[Site "Chess.com"]
[Date "2020.09.08"]
[Round "10"]
[White "vinniethepooh"]
[Black "kot60"]
[Result "0-1"]
[WhiteElo "2618"]
[BlackElo "2433"]
[TimeControl "180+1"]
[EndTime "11:57:17 PDT"]
[Termination "kot60 won on time"]

1. Nf3 Nf6 2. g3 g6 3. Bg2 Bg7 4. O-O O-O 5. c4 c5 6. Nc3 d6 7. d4 Na6 8. e4 Nd7 9. Be3 Rb8 10. Rc1 b6 11. Re1 Nc7 12. h3 a6 13.
Qe2 Bb7 14. d5 b5 15. b3 bxc4 16. bxc4 a5 17. a4 Na6 18. Qd2 Nb4 19. Bh6 f6 20.
Bxg7 Kxg7 21. Nb5 Qe8 22. Nc7 Qf7 23. Ne6+ Kg8 24. Qh6 Rfc8 25. h4 Nd3 26. Bh3 Nf8 27.
Re3 Nxc1 28. Nfg5 fxg5 29. Rf3 Nxe6 30. Bxe6 Qxe6 31. dxe6 Rf8 32. Rf7 Rxf7 33. exf7+ Kxf7 34. Qxh7+ Ke6 35. Qxg6+ Kd7 36. hxg5 Nd3 37. Qf5+ Kc7 38. g6 Bc8 39. Qf7 Ne5 40. Qxe7+ Bd7 41. Kg2 Nxg6 42. Qf6 Ne5 43. Qf4 Nxc4 44. Qf6 Ne5 45. f4 Rb2+ 46.
Kf1 Nf3 47. g4 Nd2+ 0-1

[Event "*** SCC Grand Prix: Titled Tuesday Blitz"]
[Site "Chess.com"]
[Date "2020.09.08"]
[Round "10"]
[White "UCantHandleDenker"]
[Black "Bacyanide"]
[Result "1-0"]
[WhiteElo "2595"]
[BlackElo "2414"]
[TimeControl "180+1"]
[EndTime "11:57:17 PDT"]
[Termination "UCantHandleDenker won on time"]

1. Nf3 d5 2. g3 Nf6 3. Bg2 g6 4. O-O Bg7 5. d3 O-O 6. Nbd2 c5 7. e4 Nc6 8. Re1 dxe4 9. dxe4 Bg4 10. h3 Bd7 11. e5 Nd5 12. Ne4 Ndb4 13. c3 Na6 14. Be3 b6 15. Qe2 Nc7 16. Rad1 Qc8 17. Kh2 Nxe5 18.
Bf4 Nxf3+ 19. Qxf3 Ne6 20. Bc1 Rb8 21. Qe2 Bc6 22. h4 h5 23. Ng5 Nxg5 24. Bxg5 Bxg2 25. Kxg2 e6 26. Rd6 Qb7+ 27. Kg1 b5 28. Red1 b4 29. Rd7 Qb6 30. R1d6 Qb5 31. c4 Qa5 32. b3 Qa3 33.
Rc6 Bd4 34. Rcc7 a5 35. Qf3 Qxa2 36. Be3 Bxe3 37. fxe3 Qb1+ 38. Kg2 Qf5 39. Ra7 Qxf3+ 40. Kxf3 Ra8 41. Ke4 a4 42. bxa4 Rxa7 43. Rxa7 Rb8 44.
Rd7 b3 45. Rd1 b2 46. Rb1 Rb4 47. Kd3 Rxa4 48. Rxb2 Kg7 49. Rb5 Ra1 50. Rxc5 Rg1 51. Rg5 f6 52. Rb5 Rxg3 53. c5 Rg1 54. Rb4 f5 55. c6 Rd1+ 56. Kc4 Rd8 57. Kc5 Kf6 58. c7 Rc8 59. Kd6 e5 60. Rb6 f4 61. Kd7+ Kf5 62.
Kxc8 1-0

[Event "*** SCC Grand Prix: Titled Tuesday Blitz"]
[Site "Chess.com"]
[Date "2020.09.08"]
[Round "10"]
[White "Roza_Idrisova"]
[Black "Ole83"]
[Result "0-1"]
[WhiteElo "2162"]
[BlackElo "2347"]
[TimeControl "180+1"]
[EndTime "11:57:17 PDT"]
[Termination "Ole83 won by resignation"]

1. d4 Nf6 2. Nf3 g6 3. c4 Bg7 4.
Nc3 O-O 5. e4 d6 6. Be2 Na6 7.
O-O e5 8. d5 Nc5 9. Nd2 a5 10. Qc2 Nfd7 11. Nb3 f5 12. f3 f4 13. Bd2 g5 14. h3 h5 15. Nxc5 Nxc5 16. b3 Rf6 17. a3 Rg6 18. b4 Na6 19. Nd1 g4 20. fxg4 hxg4 21. Bxg4 Bxg4 22. hxg4 Rxg4 23. Nf2 Rg3 24. Nh1 Rg4 25. Rf3 axb4 26. axb4 Nxb4 27. Rxa8 Qxa8 28. Bxb4 Qa1+ 29. Rf1 Qd4+ 30. Rf2 f3 31. g3 Bh6 32. Kh2 Rxe4 33. Rxf3 Qxc4 34. Qxc4 Rxc4 35. Bc3 e4 36. Rf6 Bg7 37. Ba1 Bxf6 38.
Bxf6 e3 39. Kg2 Rc2+ 40. Kf3 e2 41. Kf2 Rc1 42. Kxe2 Rxh1 43. Bd8 c6 44. Bc7 cxd5 45. Bxd6 Kf7 46. Kd3 Ke6 47. Bf4 Kf5 48. Kd4 Rd1+ 49. Kc5 Ke4 50. Kb6 Rb1+ 51. Kc5 d4 52. Kc4 d3 53. Kc3 b5 54. Bb8 b4+ 55. Kd2 Rb2+ 56. Kc1 Rc2+ 57. Kd1 b3 58. Bf4 b2 0-1

[Event "*** SCC Grand Prix: Titled Tuesday Blitz"]
[Site "Chess.com"]
[Date "2020.09.08"]
[Round "10"]
[White "Izoria123"]
[Black "Gabrielian_Artur"]
[Result "1-0"]
[WhiteElo "2883"]
[BlackElo "2721"]
[TimeControl "180+1"]
[EndTime "11:57:18 PDT"]
[Termination "Izoria123 won by resignation"]

1. Nf3 c5 2. c4 Nc6 3. Nc3 e5 4. d3 g6 5. a3 Bg7 6. b4 e4 7.
Nxe4 Bxa1 8. Bg5 Bc3+ 9. Nxc3 f6 10. Bd2 d6 11. g3 Be6 12. Bg2 Nge7 13. bxc5 dxc5 14.
Ne4 O-O 15. Nxc5 Qc8 16. O-O Bh3 17. Bxh3 Qxh3 18. Nxb7 Rab8 19. Nd6 Nf5 20. Nxf5 Qxf5 21. Bc3 Rfe8 22. Nd2 Ne5 23. Ne4 Rbd8 24. Qa4 Re7 25.
Rb1 Ng4 26. Rb5 Qd7 27. Qb3 f5 28. Rd5 Qe8 29. Rxd8 Qxd8 30. Nf6+ Kf7 31. c5+ Re6 32. Nd5 Kf8 33. Nf4 Re7 34. Ne6+ Rxe6 35. Qxe6 Qb8 36. Qd6+ Qxd6 37. cxd6 Kf7 38. h3 Nh6 39. e4 Ke6 40. e5 Nf7 41. f4 Nd8 42. Kf2 Nc6 43. Ke3 Kd5 44. d7 Ke6 45. d4 Kxd7 46. d5 Ne7 47. Kd4 Nc8 48. e6+ Ke7 49. Ke5 Nb6 50. Bb4+ Ke8 51.
d6 a5 52. d7+ 1-0

[Event "*** SCC Grand Prix: Titled Tuesday Blitz"]
[Site "Chess.com"]
[Date "2020.09.08"]
[Round "10"]
[White "mapleaff"]
[Black "BJthechessgod"]
[Result "1-0"]
[WhiteElo "2380"]
[BlackElo "2234"]
[TimeControl "180+1"]
[EndTime "11:57:21 PDT"]
[Termination "mapleaff won by checkmate"]

1. d4 Nf6 2. c4 e6 3. g3 Be7 4. Bg2 O-O 5. Nf3 d5 6. O-O dxc4 7. Qa4 Nc6 8. Qxc4 Bd7 9. Bf4 Bd6 10. Bg5 h6 11.
Bxf6 Qxf6 12. Nbd2 a6 13. Ne4 Qe7 14. Rac1 Rac8 15.
Nc5 Bxc5 16. Qxc5 Qxc5 17. Rxc5 b6 18. Rc3 Ne7 19. Ne5 Bb5 20. Rfc1 Nd5 21. Bxd5 exd5 22. e3 f6 23. Ng6 Rf7 24. Nf4 Rd7 25. b3 a5 26. Ne6 a4 27. Nxc7 Be2 28. Nxd5 Rxc3 29. Nxc3 axb3 30. Nxe2 bxa2 31. Ra1 Ra7 32. Nc1 Rc7 33.
Nxa2 Ra7 34. h4 b5 35. Kg2 b4 36. Rb1 Rxa2 37. Rxb4 Kf7 38. h5 Ra5 39. Rb7+ Kf8 40.
g4 f5 41. f3 fxg4 42. fxg4 g6 43. hxg6 Rg5 44. g7+ Kg8 45. Kf3 Rg6 46. d5 Rf6+ 47.
Ke4 Rg6 48. Kf4 Rf6+ 49. Ke5 Rg6 50. Rb4 Kxg7 51. Rf4 Ra6 52. e4 Kg6 53. d6 Kg5 54. Rf8 Ra7 55. Rg8+ Kh4 56. Ke6 Ra6 57. e5 Ra7 58. d7 Ra6+ 59. Ke7 Ra5 60. e6 Ra7 61. Kd6 Ra6+ 62. Kd5 Ra5+ 63. Kd4 Ra4+ 64. Kc3 Ra3+ 65. Kb2 Rd3 66. d8=Q+ Rxd8 67. Rxd8 Kxg4 68. Rh8 Kg5 69. e7 h5 70. e8=Q h4 71. Qf7 h3 72. Rg8+ Kh4 73. Qh7# 1-0

[Event "*** SCC Grand Prix: Titled Tuesday Blitz"]
[Site "Chess.com"]
[Date "2020.09.08"]
[Round "10"]
[White "Bhagya_2312"]
[Black "GaboSalazar2001"]
[Result "0-1"]
[WhiteElo "2112"]
[BlackElo "2356"]
[TimeControl "180+1"]
[EndTime "11:57:21 PDT"]
[Termination "GaboSalazar2001 won on time"]

1. e4 c5 2. Nf3 d6 3. d4 cxd4 4. Nxd4 Nf6 5. Nc3 e6 6. Be2 a6 7.
O-O Nbd7 8. f4 b5 9. a3 Bb7 10.
Bf3 Rc8 11. Qe2 Rc4 12. Be3 Qa8 13.
Bf2 Be7 14. e5 Bxf3 15. Nxf3 dxe5 16. fxe5 Ng4 17. Bg3 Bc5+ 18. Kh1 Ne3 19. Rfe1 Nf5 20. Bf2 h5 21. Nd2 Rg4 22. Nde4 Be7 23. Rad1 Rg6 24. Qf3 Qc8 25. Nd6+ Nxd6 26. exd6 Bf6 27. Nd5 O-O 28. Ne7+ Bxe7 29. dxe7 Re8 30. Qxh5 Rxe7 31. Bh4 Re8 32. Bg3 Nf6 33. Qe5 Ng4 34. Qe2 Nf6 35. Rd3 Nd5 36. b3 Qc6 37. c4 bxc4 38. bxc4 Qxc4 39.
Qd1 Rc8 40. Rxd5 Qxd5 41. Qxd5 exd5 42. Kg1 Re6 43. Bf2 Rxe1+ 44. Bxe1 Rc1 45. Kf2 Rc2+ 46. Kf3 Kf8 47. Bg3 Ke7 48. Be5 f6 49. Bd4 Ke6 0-1

[Event "*** SCC Grand Prix: Titled Tuesday Blitz"]
[Site "Chess.com"]
[Date "2020.09.08"]
[Round "10"]
[White "Legendinunknown"]
[Black "KarstenHansch"]
[Result "1-0"]
[WhiteElo "2621"]
[BlackElo "2483"]
[TimeControl "180+1"]
[EndTime "11:57:22 PDT"]
[Termination "Legendinunknown won by resignation"]

1. e4 c6 2. d4 d5 3. exd5 cxd5 4. c4 Nf6 5. Nc3 Nc6 6. Nf3 Bg4 7. cxd5 Nxd5 8. Qb3 Bxf3 9. gxf3 e6 10. Qxb7 Nxd4 11.
Bb5+ Nxb5 12. Qc6+ Ke7 13. Qxb5 Qd7 14. Nxd5+ Qxd5 15. Qxd5 exd5 16. Bf4 Ke6 17. O-O Bd6 18. Bg3 Rhc8 19. Rfe1+ Kd7 20. Rad1 Bxg3 21. hxg3 Kd6 22. Re2 Rc5 23. Red2 a5 24. Kg2 Rb8 25. b3 Kc6 26. Rd4 Rd8 27. Rh4 h6 28. Rg4 g6 29. Rf4 Rd7 30. Rf6+ Kb5 31. Rd4 Rc6 32. Rff4 Rc2 33.
Ra4 Rd2 34. Kf1 Re7 35. Rfd4 Rxd4 36. Rxd4 Kc5 37. Rd3 h5 38. a3 Re5 39. Re3 Rxe3 40.
fxe3 d4 41. Ke2 g5 42. f4 h4 43. exd4+ Kxd4 44. fxg5 h3 45. Kf2 Kc3 46. b4 axb4 47.
axb4 Kxb4 48. Kg1 Kc5 49. Kh2 Kd5 50. Kxh3 Ke5 51. Kg4 Ke6 52. Kf4 Kd7 53. Kf5 Ke7 54.
g6 Kf8 55. Kf6 fxg6 56. Kxg6 Kg8 57. g4 Kh8 58. Kf7 Kh7 59. g5 Kh8 60. Kg6 Kg8 61. Kh6 Kh8 62. g6 Kg8 63. g7 1-0